Map: Backcountry

Players

JohnMcClane - Winner!

  • Race: Protoss Protoss
  • Spawn Location: 9:00

JackONeill - Winner!

  • Race: Zerg Zerg
  • Spawn Location: 11:00

Hindulaatti - Winner!

  • Race: Protoss Protoss
  • Spawn Location: 11:00

MrAlais

  • Race: Zerg Zerg
  • League: Diamond
  • Spawn Location: 5:00

lulue

  • Race: Terran Terran
  • Spawn Location: 5:00

maverick

  • Race: Terran Terran
  • League: Platinum
  • Spawn Location: 5:00

VOD

Have the link to the VOD?

Description

Time

  • Played on: Jan. 31, 2016, 11:53 a.m.
  • Length: 16:12
Show
View Real Time Build Order
Export as new Build Order

JohnMcClane Protoss - Winner!

Build Orders: Oracle Opening 

Get SALT Encoding   

  12  0:01  Probe (Chrono Boost)  
  13  0:13  Probe (Chrono Boost)  
  14  0:19  Pylon  
  14  0:23  Probe (Chrono Boost)  
  15  0:37  Probe (Chrono Boost)  
  15  0:39  Gateway  
  16  0:48  Probe (Chrono Boost)  
  16  0:49  Assimilator  
  17  0:53  Assimilator  
  17  0:59  Probe (Chrono Boost)  
  18  1:05  Pylon  
  19  1:11  Probe (Chrono Boost)  
  19  1:22  Probe (Chrono Boost)  
  20  1:29  Cybernetics Core  
  20  1:37  Pylon  
  20  1:42  Probe (Chrono Boost)  
  21  1:52  Probe (Chrono Boost)  
  22  2:06  Mothership Core (Chrono Boost)  
  22  2:08  Stargate  
  24  2:11  Warp Gate  
  24  2:24  Probe (Chrono Boost)  
  25  2:35  Probe (Chrono Boost)  
  26  2:43  Nexus  
  26  2:51  Oracle (Chrono Boost)  
  29  3:02  Probe (Chrono Boost)  
  30  3:11  Gateway  
  30  3:19  Probe  
  30  3:26  Oracle (Chrono Boost)  
  33  3:32  Probe  
  34  3:36  Gateway  
  34  3:43  Pylon  
  34  3:49  Probe (Chrono Boost)  
  34  4:16  Probe x2 (Chrono Boost)  
  36  4:26  Stalker  
  36  4:27  Probe (Chrono Boost), Stalker  
  40  4:57  Gateway, Probe (Chrono Boost)  
  41  5:00  Void Ray  
  45  5:12  Probe x2 (Chrono Boost)  
  47  5:14  Assimilator  
  47  5:20  Twilight Council  
  47  5:25  Assimilator  
  41  5:37  Stalker x3  
  47  5:48  Probe x2 (Chrono Boost)  
  47  5:49  Blink (Chrono Boost)  
  49  5:55  Pylon  
  49  5:58  Forge  
  49  6:05  Stalker x3  
  55  6:15  Probe  
  55  6:17  Probe  
  57  6:21  Pylon  
  57  6:42  Protoss Ground Armor Level 1 (Chrono Boost)  
  57  6:44  Stalker x3  
  57  6:45  Stalker  
  65  7:08  Stalker  
  65  7:09  Stalker x3  
  73  7:33  Stalker x2  
  77  7:41  Probe (Chrono Boost)  
  77  7:42  Pylon  
  77  7:43  Pylon  
  78  7:53  Probe (Chrono Boost)  
  77  8:04  Pylon  
  77  8:05  Nexus  
  73  8:33  Stalker x4  
  81  8:55  Probe (Chrono Boost)  
  81  8:56  Protoss Ground Weapons Level 1 (Chrono Boost)  
  81  8:57  Probe (Chrono Boost)  
  81  9:06  Probe (Chrono Boost)  
  81  9:08  Assimilator  
  81  9:09  Probe (Chrono Boost)  
  83  9:12  Assimilator  
  83  9:14  Gateway  
  83  9:16  Probe (Chrono Boost), Gateway  
  84  9:19  Robotics Facility, Pylon  
  84  9:21  Probe (Chrono Boost)  
  84  9:23  Photon Cannon  
  85  9:25  Probe (Chrono Boost)  
  85  9:27  Probe (Chrono Boost)  
  87  9:33  Probe (Chrono Boost)  
  87  9:35  Stalker  
  90  9:48  Stalker x3  
  96  9:53  Forge  
  96  10:01  Robotics Facility, Probe (Chrono Boost)  
  96  10:02  Probe (Chrono Boost)  
  98  10:11  Probe (Chrono Boost)  
  99  10:24  Warp Prism  
  99  10:26  Protoss Ground Armor Level 2 (Chrono Boost)  
  99  10:28  Probe  
  102  10:34  Stalker x2  
  106  10:36  Pylon  
  106  10:37  Pylon  
  106  10:50  Warp Prism  
  106  10:56  Pylon  
  108  11:00  Observer  
  109  11:06  Charge  
  109  11:12  Protoss Ground Weapons Level 2 (Chrono Boost)  
  109  11:17  Zealot x4  
  117  11:22  Observer, Nexus  
  117  11:23  Pylon  
  118  11:36  Zealot x2  
  103  12:13  Stalker x6  
  103  12:15  Immortal x2  
  123  12:31  Protoss Ground Armor Level 3 (Chrono Boost)  
  107  12:39  Zealot x4  
  107  12:40  Zealot x2  
  77  12:58  Immortal  
  69  13:13  Nexus, Zealot  
  69  13:14  Pylon, Zealot x2  
  69  13:17  Pylon  
  75  13:20  Assimilator  
  73  13:47  Stalker x4  
  81  13:49  Immortal x2  
  81  13:54  Robotics Bay  
  89  14:04  Assimilator  
  89  14:06  Gateway  
  89  14:08  Pylon  
  89  14:12  Gateway  
  89  14:38  Stalker x4  
  91  14:39  Stalker  
  91  14:43  Disruptor x2  
  105  15:06  Zealot x3  
  105  15:07  Zealot x3  
  111  15:24  Disruptor x2 (Chrono Boost)  
  103  15:59  Stalker x4  
Show
View Real Time Build Order
Export as new Build Order

JackONeill Zerg - Winner!

Build Orders: Hatch First, Muta Ling Bane 

Get SALT Encoding   

  12  0:01  Drone  
  13  0:08  Drone  
  14  0:16  Overlord  
  14  0:26  Drone, Extractor  
  15  0:34  Drone  
  15  0:35  Drone  
  17  0:48  Drone  
  18  1:00  Drone  
  18  1:01  Hatchery  
  18  1:13  Spawning Pool  
  18  1:16  Extractor  
  18  1:18  Drone  
  17  1:22  Drone  
  18  1:28  Overlord  
  18  1:41  Drone  
  19  1:50  Drone  
  20  2:00  Queen  
  22  2:01  Zergling x2  
  23  2:10  Overlord  
  23  2:13  Queen  
  23  2:15  Drone  
  26  2:16  Metabolic Boost  
  26  2:25  Drone x2  
  28  2:32  Drone  
  29  2:37  Drone  
  29  2:43  Drone  
  31  2:46  Overlord  
  31  2:55  Drone  
  32  3:00  Drone  
  32  3:04  Zergling x2  
  34  3:08  Zergling x2  
  35  3:14  Zergling x6  
  35  3:19  Queen  
  38  3:22  Queen  
  38  3:25  Zergling x8  
  38  3:26  Zergling x2  
  47  3:32  Overlord  
  47  3:39  Zergling x2  
  48  3:44  Baneling Nest  
  48  3:46  Zergling x4  
  49  3:50  Overlord  
  36  4:12  Zergling x12  
  36  4:13  Zergling x2  
  36  4:29  Zergling x6  
  36  4:30  Zergling x4  
  36  4:31  Queen  
  39  4:32  Zergling x6  
  43  4:42  Lair  
  43  4:52  Zergling x6  
  46  4:58  Drone  
  47  5:04  Zergling x4  
  49  5:07  Baneling x5  
  49  5:08  Baneling x5  
  49  5:09  Baneling  
  49  5:14  Drone  
  50  5:22  Drone x2  
  50  5:23  Drone x2  
  35  6:10  Drone x6  
  35  6:11  Drone  
  42  6:13  Extractor  
  41  6:21  Spire  
  41  6:22  Drone, Extractor  
  41  6:23  Drone x2  
  41  6:31  Drone x2  
  43  6:34  Extractor  
  43  6:36  Drone x2  
  44  6:43  Overlord  
  44  6:45  Drone, Hatchery  
  44  6:46  Drone x2  
  46  7:01  Zergling x8  
  50  7:13  Zergling x6  
  53  7:25  Zergling x6  
  53  7:29  Overlord x2  
  56  7:34  Overseer  
  56  7:35  Mutalisk  
  56  7:36  Mutalisk x2  
  62  7:43  Zerg Flyer Weapons Level 1  
  62  7:44  Overlord x2  
  62  7:45  Centrifical Hooks  
  62  7:57  Drone x2, Queen  
  66  7:58  Drone  
  66  8:02  Overlord x2  
  67  8:09  Mutalisk x3  
  73  8:13  Drone  
  73  8:14  Drone x3  
  77  8:21  Overseer  
  77  8:23  Drone x2  
  79  8:39  Drone x5  
  79  8:40  Spore Crawler  
  83  8:44  Spine Crawler  
  83  8:46  Drone, Spore Crawler  
  82  8:48  Mutalisk  
  82  8:49  Mutalisk  
  82  8:54  Zergling x2  
  87  8:56  Baneling x4  
  87  8:57  Baneling x3  
  87  9:11  Mutalisk x3  
  87  9:13  Zergling x12  
  87  9:16  Extractor x2  
  97  9:22  Evolution Chamber  
  97  9:23  Evolution Chamber  
  95  9:25  Spore Crawler  
  95  9:28  Drone x3  
  95  9:30  Overlord x2  
  97  9:34  Drone  
  97  9:36  Baneling x2  
  97  9:37  Baneling x4  
  98  9:43  Overseer  
  98  9:56  Zerg Flyer Armor Level 1  
  98  9:57  Hatchery  
  97  10:02  Zerg Melee Weapons Level 1  
  97  10:03  Infestation Pit  
  96  10:16  Mutalisk x4  
  104  10:24  Zerg Ground Armor Level 1  
  104  10:30  Drone x2  
  104  10:31  Drone x5  
  111  10:37  Mutalisk x2  
  115  10:59  Mutalisk x3  
  115  11:03  Mutalisk x3  
  125  11:14  Mutalisk x3  
  131  11:24  Mutalisk  
  131  11:25  Mutalisk x3  
  135  11:28  Overlord  
  135  11:39  Drone x2  
  138  11:40  Drone x3  
  138  11:42  Extractor  
  138  11:43  Extractor  
  130  12:10  Mutalisk x2  
  130  12:11  Mutalisk x6  
  130  12:12  Mutalisk, Corruptor  
  150  12:23  Spore Crawler  
  150  12:25  Drone x4  
  150  12:26  Spine Crawler  
  150  12:27  Hive  
  126  12:43  Mutalisk x4  
  126  12:44  Mutalisk  
  136  12:59  Overseer  
  136  13:01  Hatchery  
  135  13:09  Mutalisk x4  
  143  13:14  Zerg Melee Weapons Level 2  
  143  13:21  Zerg Flyer Weapons Level 2  
  143  13:27  Pneumatized Carapace  
  143  13:47  Overseer  
  143  13:53  Mutalisk x3  
  143  13:54  Mutalisk  
  149  14:15  Drone x4  
  153  14:18  Drone x2  
  153  14:19  Drone x3  
  158  14:35  Zergling x2  
  158  14:36  Zergling x10  
  158  14:37  Zergling x4  
  166  14:39  Overlord x4  
  166  14:40  Overlord x2  
  166  14:50  Ultralisk Cavern  
  148  15:06  Baneling x7  
  119  15:07  Zergling x2, Baneling x2  
  119  15:08  Zergling x12  
  119  15:09  Zergling x10  
  119  15:11  Extractor  
  119  15:12  Spore Crawler, Extractor  
  119  15:13  Zergling x6  
  128  15:18  Zergling x6  
  128  15:19  Zergling x6  
  126  15:30  Zergling x6  
  126  15:31  Zergling x10  
  126  15:32  Zergling x2  
  122  15:45  Baneling x2  
  122  15:46  Baneling x6  
  122  15:47  Baneling x4  
  122  15:48  Zergling x6  
  122  15:49  Zergling x10  
  130  15:53  Drone  
  130  15:54  Drone x4  
Show
View Real Time Build Order
Export as new Build Order

Hindulaatti Protoss - Winner!

Build Orders: Mass Adepts 

Get SALT Encoding   

  12  0:01  Probe (Chrono Boost)  
  13  0:12  Probe (Chrono Boost)  
  14  0:26  Pylon, Probe (Chrono Boost)  
  15  0:45  Probe (Chrono Boost)  
  15  0:49  Gateway  
  16  0:55  Probe (Chrono Boost)  
  17  1:02  Assimilator  
  17  1:06  Probe (Chrono Boost)  
  18  1:17  Probe (Chrono Boost)  
  19  1:27  Probe (Chrono Boost)  
  19  1:31  Pylon  
  20  1:36  Cybernetics Core  
  20  1:39  Probe (Chrono Boost)  
  21  1:43  Assimilator  
  21  1:55  Probe (Chrono Boost)  
  22  2:06  Probe (Chrono Boost)  
  23  2:16  Probe (Chrono Boost)  
  23  2:17  Adept, Warp Gate (Chrono Boost)  
  23  2:20  Pylon  
  26  2:31  Gateway  
  26  2:32  Mothership Core  
  28  2:43  Gateway  
  30  2:44  Adept  
  30  2:53  Probe  
  31  3:05  Probe  
  32  3:11  Adept  
  34  3:15  Pylon  
  34  3:17  Probe  
  34  3:21  Adept  
  36  3:32  Adept  
  38  3:36  Pylon  
  38  3:38  Adept  
  40  3:50  Adept  
  42  3:59  Adept  
  44  4:05  Adept  
  48  4:17  Adept  
  48  4:24  Probe  
  49  4:36  Probe  
  50  4:48  Probe  
  50  4:51  Adept x2  
  55  4:57  Robotics Facility  
  55  5:05  Pylon  
  55  5:07  Pylon  
  55  5:09  Nexus  
  55  5:11  Pylon  
  55  5:14  Gateway  
  55  5:15  Pylon  
  55  5:23  Probe  
  48  6:12  Adept x3  
  48  6:13  Probe (Chrono Boost)  
  47  6:22  Pylon  
  47  6:23  Probe (Chrono Boost)  
  47  6:24  Forge  
  48  6:25  Probe (Chrono Boost)  
  48  6:26  Adept, Gateway  
  48  6:31  Warp Prism  
  45  6:34  Probe (Chrono Boost)  
  45  6:36  Probe (Chrono Boost)  
  47  6:42  Gateway  
  47  6:43  Assimilator  
  47  6:45  Probe (Chrono Boost)  
  48  6:47  Assimilator  
  48  6:48  Probe (Chrono Boost)  
  48  6:49  Pylon  
  48  6:50  Pylon  
  48  6:53  Adept  
  51  6:57  Sentry x3  
  51  7:00  Probe x2 (Chrono Boost)  
  59  7:04  Protoss Ground Weapons Level 1  
  59  7:18  Stalker  
  61  7:24  Stalker x2  
  61  7:27  Probe x2 (Chrono Boost)  
  67  7:35  Stalker  
  69  7:40  Stalker  
  71  8:09  Stalker x5  
  71  8:11  Probe x2 (Chrono Boost)  
  73  8:42  Stalker x6  
  81  8:52  Pylon  
  81  8:53  Twilight Council  
  81  9:19  Stalker x2, Protoss Ground Armor Level 1  
  81  9:20  Stalker x4  
  93  9:25  Probe (Chrono Boost)  
  93  9:26  Probe (Chrono Boost)  
  95  9:34  Blink (Chrono Boost)  
  75  10:01  Nexus  
  75  10:03  Pylon  
  75  10:13  Stalker x3  
  75  10:14  Stalker  
  83  10:15  Sentry x2  
  83  10:19  Observer  
  88  10:37  Assimilator  
  88  10:42  Assimilator, Stalker x4  
  92  10:46  Sentry  
  92  10:48  Sentry  
  100  10:56  Probe x2  
  102  11:08  Probe  
  102  11:09  Robotics Bay  
  103  11:17  Probe  
  103  11:18  Probe  
  104  11:20  Probe  
  104  11:23  Stalker  
  108  11:30  Probe  
  109  11:33  Stalker  
  109  11:34  Stalker  
  113  11:45  Stalker x2  
  113  11:46  Stalker  
  117  12:03  Stalker x3  
  123  12:17  Stalker x3  
  123  12:19  Disruptor  
  132  12:25  Resonating Glaives (Chrono Boost)  
  126  12:41  Stalker x4  
  134  12:55  Disruptor  
  137  13:05  Probe  
  137  13:07  Probe  
  140  13:18  Protoss Ground Weapons Level 2  
  139  13:31  Observer  
  140  13:42  Forge  
  140  13:43  Pylon  
  140  13:45  Probe x2  
  140  13:48  Pylon  
  142  13:50  Pylon  
  142  14:16  Extended Thermal Lance  
  142  14:17  Disruptor  
  142  14:18  Nexus  
  109  14:47  Stalker x4  
  109  14:48  Stalker x2  
  113  14:53  Disruptor  
  102  15:13  Stalker x5  
  102  15:14  Stalker  
  112  15:28  Disruptor  
  113  15:45  Stalker x5  
  113  15:46  Stalker  
  125  16:02  Gateway  
  125  16:07  Gateway  
  125  16:08  Gateway  
Show
View Real Time Build Order
Export as new Build Order

MrAlais Zerg 

Build Orders: Hatch First, Lurkers 

Get SALT Encoding   

  12  0:02  Drone  
  13  0:12  Overlord  
  13  0:17  Drone  
  14  0:30  Drone  
  14  0:31  Drone  
  16  0:36  Drone  
  17  0:56  Hatchery  
  16  1:04  Drone x2  
  16  1:08  Extractor  
  17  1:18  Spawning Pool  
  17  1:22  Drone  
  17  1:32  Drone x2  
  19  1:45  Overlord  
  19  1:51  Drone  
  20  2:02  Drone  
  21  2:14  Drone x2  
  23  2:20  Overlord  
  23  2:23  Drone  
  23  2:27  Extractor  
  23  2:29  Queen x2  
  25  2:33  Metabolic Boost  
  27  2:52  Drone x4  
  27  2:54  Zergling x2  
  27  2:55  Zergling x2  
  33  3:06  Zergling x2  
  33  3:07  Zergling x2  
  35  3:13  Lair  
  35  3:15  Zergling x2  
  35  3:19  Zergling x2  
  37  3:24  Spore Crawler  
  37  3:26  Zergling x2  
  37  3:28  Spore Crawler  
  37  3:31  Zergling x2  
  37  3:39  Zergling x8  
  41  3:48  Overlord  
  41  3:56  Overlord  
  41  3:58  Zergling x6  
  37  4:10  Zergling x4  
  37  4:14  Zergling x4  
  36  4:23  Zergling x2  
  36  4:25  Hydralisk Den  
  36  4:27  Zergling x2  
  31  4:48  Drone  
  31  4:49  Drone x4  
  36  5:05  Drone x2  
  36  5:06  Drone x3  
  41  5:08  Lurker Den  
  41  5:12  Drone  
  42  5:23  Hydralisk x2  
  42  5:25  Hydralisk  
  38  5:49  Hydralisk x4  
  20  5:55  Hydralisk  
  24  6:07  Hydralisk  
  22  6:34  Lurker  
  22  6:38  Drone, Lurker  
  25  6:50  Drone  
  26  7:08  Drone  
  26  7:09  Drone x2  
  29  7:37  Drone  
  29  7:38  Drone x3  
  33  8:02  Spine Crawler  
  33  8:03  Hydralisk  
  26  8:27  Hydralisk  
  27  8:49  Drone, Extractor  
  27  8:52  Drone  
  28  9:05  Overlord  
  28  9:19  Overlord  
  28  9:20  Overlord  
  28  9:28  Drone x8  
  36  9:57  Hydralisk x2  
  36  9:58  Drone  
  36  9:59  Drone x3  
  44  10:09  Spore Crawler  
  44  10:11  Drone x2  
  44  10:13  Drone  
  47  10:24  Spore Crawler  
  47  10:26  Drone x2  
  47  10:27  Drone  
  49  10:29  Drone x2  
  51  10:36  Lurker  
  52  10:45  Overlord  
  52  10:46  Overlord  
  52  11:06  Lurker  
  52  11:10  Drone x6  
  52  11:11  Drone x2  
  61  11:17  Spore Crawler, Queen  
  62  11:18  Queen  
  64  11:34  Infestation Pit  
  64  11:36  Drone x3  
  65  12:04  Drone  
  65  12:05  Drone x2  
  68  12:11  Hive  
  68  12:21  Overlord x5  
  68  12:22  Extractor  
  65  12:57  Hydralisk  
  65  12:58  Hydralisk x9  
  72  13:18  Lurker  
  73  13:47  Overlord x3  
  73  13:48  Overlord x2  
  73  13:50  Drone  
  73  13:51  Drone x6  
  80  14:04  Viper  
  83  14:10  Spore Crawler  
  83  14:14  Spore Crawler  
  81  14:37  Hydralisk  
  75  14:47  Lurker  
  54  15:02  Hydralisk x2  
  54  15:03  Hydralisk x2  
  54  15:08  Hatchery  
  54  15:11  Zergling x12  
  53  15:28  Drone x4  
  50  15:29  Drone  
  48  15:42  Hydralisk  
  48  15:43  Hydralisk  
  48  15:53  Drone x2  
Show
View Real Time Build Order
Export as new Build Order

lulue Terran 

Build Orders:  

Get SALT Encoding   

  12  0:02  SCV  
  13  0:19  SCV  
  14  0:33  SCV  
  14  0:35  Supply Depot  
  15  0:57  SCV  
  16  1:00  Barracks  
  16  1:09  SCV  
  17  1:17  Refinery  
  17  1:21  SCV  
  18  1:46  SCV  
  19  1:59  SCV  
  20  2:02  Barracks  
  20  2:07  Barracks  
  20  2:28  Orbital Command, Refinery  
  20  2:33  Command Center  
  20  2:56  Barracks Tech Lab  
  20  2:59  Barracks Reactor  
  20  3:03  Engineering Bay  
  20  3:06  SCV  
  21  3:18  SCV  
  23  3:30  Reaper  
  23  3:34  Supply Depot  
  23  3:39  Missile Turret  
  23  3:41  Terran Infantry Weapons Level 1  
  23  3:44  SCV  
  23  3:45  Supply Depot  
  24  3:50  SCV  
  27  3:56  SCV  
  27  4:02  SCV  
  29  4:07  Barracks Reactor  
  29  4:08  Marauder, SCV  
  29  4:09  Marine x2  
  32  4:32  Refinery  
  32  4:33  Orbital Command  
  32  4:42  Supply Depot  
  32  4:44  Marauder, Marine x3  
  32  4:45  Marine  
  38  5:02  Marine x2  
  38  5:05  Supply Depot, Marauder  
  42  5:21  Missile Turret  
  42  5:22  Marine  
  42  5:23  Marine x3  
  42  5:26  Missile Turret  
  42  5:27  Marauder  
  48  5:31  Supply Depot  
  48  5:36  Terran Infantry Armor Level 1  
  48  5:40  Marine x2  
  48  5:41  Marine  
  36  6:16  SCV  
  36  6:17  SCV  
  37  6:28  SCV  
  37  6:29  SCV  
  37  6:34  Marauder, Marine  
  40  6:41  SCV x2  
  42  6:53  SCV  
  43  6:55  Marauder  
  43  6:58  Marine x2  
  47  7:14  Factory  
  47  7:50  Marauder  
  47  7:51  Marine x4  
  44  8:12  Marauder  
  41  8:23  SCV  
  42  8:32  SCV  
  43  8:35  SCV  
  44  8:44  SCV  
  44  8:45  Marauder  
  44  8:46  Marine x4  
  44  8:47  SCV  
  52  8:56  SCV  
  52  8:59  SCV  
  54  9:03  Marine  
  54  9:04  Marine  
  54  9:07  Starport, Marauder  
  54  9:08  SCV  
  57  9:10  Starport  
  57  9:13  Armory  
  56  9:28  Marauder, SCV x2  
  60  9:33  Marine  
  60  9:34  Marine x3  
  64  9:40  SCV x2  
  55  9:49  Marauder  
  55  9:51  Marine  
  55  9:52  SCV  
  56  9:53  SCV  
  54  10:04  Starport Reactor x2, SCV  
  54  10:05  SCV  
  56  10:11  Marauder  
  58  10:14  Supply Depot  
  58  10:15  Terran Ship Weapons Level 1  
  58  10:22  Refinery  
  58  10:32  Marauder  
  60  10:37  Supply Depot  
  60  10:38  Command Center, Fusion Core  
  60  10:45  Liberator x4, Starport  
  60  10:49  Concussive Shells  
  60  10:59  Supply Depot  
  72  11:11  Missile Turret  
  70  11:22  SCV x2  
  72  11:34  SCV  
  72  11:36  Orbital Command  
  67  12:27  Liberator x2  
  67  12:28  Liberator x2  
  28  12:48  Starport Tech Lab  
  40  12:58  SCV x2  
  42  13:10  Refinery, SCV x2  
  42  13:11  Terran Ship Weapons Level 2  
  44  13:15  Advanced Ballistics  
  44  13:22  SCV x2  
  44  13:23  Liberator  
  44  13:24  Liberator  
  46  13:34  Marauder, Marine x3, SCV  
  48  13:35  Marine  
  59  13:52  Liberator, Marine x2  
  59  13:53  Liberator  
  59  13:55  Marauder  
  51  14:14  Liberator  
  57  14:35  Marauder, Marine x3  
  57  14:36  Marine  
  65  14:53  Marine x4  
  65  14:56  Marauder  
  65  14:58  Command Center  
  56  15:06  Refinery  
  56  15:10  Refinery  
  56  15:11  Marine  
  57  15:17  Marauder  
  46  15:45  Marauder, Marine x2  
  46  15:46  Marine x2  
Show
View Real Time Build Order
Export as new Build Order

maverick Terran 

Build Orders: MMM Bio 

Get SALT Encoding   

  12  0:01  SCV  
  13  0:13  SCV  
  14  0:20  Supply Depot  
  14  0:25  SCV  
  15  0:31  Refinery  
  15  0:41  SCV  
  16  0:44  Barracks  
  16  0:59  Barracks  
  16  1:03  SCV  
  17  1:17  Barracks  
  17  1:26  Refinery  
  17  1:29  SCV  
  18  1:35  Reaper  
  19  1:46  Supply Depot  
  19  1:52  Reaper  
  20  2:04  Orbital Command  
  20  2:10  Reaper  
  21  2:16  Reaper  
  22  2:25  Reaper  
  23  2:42  Reaper  
  24  2:47  SCV  
  24  2:48  Reaper  
  26  2:57  Reaper  
  27  2:59  SCV  
  27  3:00  Supply Depot  
  28  3:14  Reaper  
  29  3:20  Reaper  
  30  3:29  Reaper  
  30  3:32  Engineering Bay, SCV  
  32  3:47  Command Center  
  27  4:42  SCV  
  27  4:45  Barracks Reactor  
  27  4:46  Factory, Barracks Tech Lab  
  27  4:47  Marine  
  23  4:53  Missile Turret  
  23  4:56  Missile Turret, SCV  
  24  5:02  Bunker  
  24  5:05  Marine  
  24  5:06  Missile Turret  
  25  5:08  SCV  
  26  5:14  Orbital Command  
  26  5:18  Marine  
  26  5:20  SCV  
  28  5:22  Marine  
  28  5:23  Stimpack  
  28  5:26  Marine  
  30  5:35  Marine  
  30  5:36  Marine  
  30  5:40  Marine  
  30  5:41  Factory Tech Lab  
  33  5:44  Marine  
  34  5:53  Marine  
  34  5:54  Marine  
  33  5:58  Marine  
  33  6:02  Marine  
  33  6:04  SCV  
  33  6:11  Marine  
  31  6:12  Marine  
  32  6:20  SCV x2  
  32  6:30  Marauder  
  32  6:31  Marine  
  32  6:32  SCV x2  
  37  6:36  Marine  
  38  6:40  Marine  
  38  6:44  SCV  
  40  6:55  Siege Tank  
  43  7:07  Supply Depot  
  43  7:10  Terran Infantry Weapons Level 1  
  43  7:13  SCV  
  44  7:16  SCV  
  45  7:24  Marine  
  45  7:28  Marine x2  
  49  7:35  Barracks Reactor  
  49  7:37  SCV x2  
  49  7:40  Refinery  
  49  7:43  Refinery, Marine  
  51  7:49  SCV  
  52  7:51  Starport  
  52  7:55  Marine  
  53  8:03  Marine x2  
  55  8:15  SCV x2  
  55  8:18  Siege Tank  
  60  8:20  Marine x2  
  60  8:24  Marine  
  62  8:52  Supply Depot  
  62  8:54  Supply Depot  
  62  8:59  Supply Depot  
  62  9:04  Marauder, Marine x3, SCV x2  
  69  9:11  Starport Reactor  
  69  9:13  Supply Depot  
  69  9:14  Marine  
  69  9:16  SCV x2  
  72  9:19  Combat Shields  
  72  9:26  Marauder  
  72  9:28  SCV x2  
  76  9:33  Siege Tank  
  76  9:37  Barracks  
  79  9:39  Marine  
  79  9:40  SCV  
  79  9:41  Terran Infantry Armor Level 1  
  81  9:46  Marine x2  
  81  9:47  Marauder  
  81  9:51  Marine  
  86  9:56  Marine  
  87  10:02  Medivac  
  87  10:03  Medivac  
  87  10:04  Marine  
  92  10:09  SCV x2  
  94  10:15  Marine x2  
  94  10:16  Marine  
  94  10:21  SCV  
  98  10:25  Marine x2  
  98  10:26  SCV  
  101  10:33  SCV  
  102  10:51  Marine  
  102  10:56  SCV  
  102  10:57  Marine  
  102  11:04  Missile Turret  
  102  11:10  Missile Turret  
  102  11:12  Supply Depot  
  102  11:19  Supply Depot  
  102  11:34  Medivac x2, Marauder, SCV x2, Supply Depot  
  110  11:46  SCV x2  
  105  11:58  SCV x2  
  105  11:59  Marine x3  
  105  12:00  Marauder  
  111  12:04  Medivac x2  
  100  12:09  Marine x2  
  100  12:10  SCV x2  
  102  12:17  Marine x2  
  102  12:21  Marauder  
  102  12:22  Engineering Bay, SCV x2  
  108  12:24  Armory  
  108  12:27  Marine  
  108  12:29  Barracks Tech Lab  
  109  12:32  Supply Depot  
  109  12:34  Medivac, SCV  
  104  12:40  Marine x2  
  104  12:41  Marine  
  104  12:43  Marauder  
  96  12:44  Marine  
  97  12:53  Siege Tank  
  97  12:55  Concussive Shells  
  97  12:56  Marine  
  97  12:58  Marine x2  
  101  12:59  Marine  
  101  13:02  Marine  
  101  13:04  Marauder  
  104  13:14  Marine  
  104  13:16  Marine x2  
  104  13:17  Marine  
  104  13:18  Terran Infantry Weapons Level 2  
  108  13:20  Marine  
  108  13:25  Marauder, Terran Infantry Armor Level 2  
  111  13:32  Marauder, Refinery  
  113  13:39  Marine  
  113  13:52  Marine x3  
  113  13:53  Marauder x2  
  120  13:57  Marine  
  120  13:58  SCV  
  122  14:10  Marine x3  
  125  14:23  Marine  
  125  14:24  Marauder, Marine  
  129  14:28  Marine  
  130  14:35  Marine x2  
  132  14:41  Marine  
  132  14:42  Marauder  
  137  14:45  Marine  
  137  14:46  Marauder  
  138  14:53  Marine x2  
  138  14:59  Marine  
  141  15:03  Marine  
  131  15:17  Medivac  
  131  15:18  Medivac  
Tags
 
Add a new tag
Caveats
  • Supply blocks, unpowered buildings, or Contaminate may cause inaccurate times.
  • Supply counts are checked every 10 seconds.